 Dungeon Crawl Stone Soup version 0.28-a0-1613-gdaab1c2f9b (webtiles) character file.

Game seed: 14138258507795327953

24 Sabo the Gusty (level 2, 0/15 HPs)
             Began as a Deep Elf Air Elementalist on Jan 21, 2022.
             Slain by a gnoll (1 damage)
             ... on level 1 of the Dungeon.
             The game lasted 00:06:07 (1107 turns).

Sabo the Gusty (Deep Elf Air Elementalist)          Turns: 1107, Time: 00:06:08

Health: 0/15       AC:  5    Str:  5    XL:     2   Next: 79%
Magic:  8/8        EV: 12    Int: 19    God:
Gold:   53         SH:  0    Dex: 15    Spells: 7/8 levels left

rFire   . . .      SeeInvis .   j - staff of cold
rCold   + . .      Faith    .   (no shield)
rNeg    . . .      Spirit   .   a - +0 robe
rPois   .          Reflect  .   h - +2 helmet
rElec   .          Harm     .   (no cloak)
rCorr   .          Rampage  .   (no gloves)
Will    .....                   (no boots)
Stlth   ++........              (no amulet)
HPRegen 0.05/turn               (no ring)
MPRegen 0.11/turn               (no ring)

@: no status effects
A: no striking features
a: no special abilities


You were on level 1 of the Dungeon.
You visited 1 branch of the dungeon, and saw 2 of its levels.

You collected 53 gold pieces.

Inventory:

Hand Weapons
 c - a +0 short sword
Missiles
 g - 4 poisoned darts
 l - 16 bolts
Armour
 a - a +0 robe (worn)
 h - a +2 helmet (worn)
Magical Staves
 j - a staff of cold (weapon)
Scrolls
 b - a scroll of identify {unknown}
 d - a scroll of fear {unknown}
 f - a scroll of enchant weapon {unknown}
 k - a scroll of amnesia {unknown}
Potions
 e - a potion of degeneration {unknown}
 i - a potion of attraction {unknown}


   Skills:
 + Level 2.4 Dodging
 + Level 2.5 Stealth
 + Level 3.6 Spellcasting
 + Level 1.3 Conjurations
 + Level 3.6 Air Magic


You had 7 spell levels left.
You knew the following spells:

 Your Spells              Type           Power      Damage    Failure   Level
a - Shock                 Conj/Air       48%        1d6       5%          1

Your spell library contained the following spells:

 Spells                   Type           Power      Damage    Failure   Level
 Static Discharge         Conj/Air       12%        N/A       8%          2
 Swiftness                Air            17%        N/A       10%         3
 Animate Skeleton         Necr           6%         N/A       14%         1
 Apportation              Tloc           6%         N/A       14%         1
 Summon Small Mammal      Summ           12%        N/A       14%         1
 Airstrike                Air            8%         N/A       32%         4


Dungeon Overview and Level Annotations

Branches:
Dungeon (2/15)

Altars:


Message History

The gnoll moves out of view.
A gnoll comes into view. It is wielding a +0 spear.
A gnoll comes into view. It is wielding a +0 halberd.
A ball python comes into view.
The gnoll misses you.
The gnoll shouts!
The ball python hisses angrily.
You hear a shout!
The gnoll hits you from afar with a +0 spear.
There is a stone staircase leading up here.
The gnoll barely misses you. The gnoll closely misses you.
You climb upwards.
There is a stone staircase leading down here.
You start resting.
HP restored.
You see here a hobgoblin skeleton.
There is a stone staircase leading down here.
You climb downwards.
The gnoll shouts! x2
The gnoll completely misses you.
You hear a shout!
There is a stone staircase leading up here.
The gnoll closely misses you.
The gnoll hits you with a +1 flail of holy wrath!
Ouch! That really hurt!
You climb upwards.
There is a stone staircase leading down here.
You closely miss the gnoll. The gnoll hits you with a +0 whip.
* * * LOW HITPOINT WARNING * * *
The gnoll closely misses you.
Casting: Shock (safe; 5% risk of failure)
Confirm with . or Enter, or press ? or * to list all spells.
Aiming: Shock (safe; 5% risk of failure)
Press: ? - help, Shift-Dir - straight line That beam is likely to hit you.
Continue anyway? [Y]es or [N]o only, please.
That beam is likely to hit you.
Continue anyway?
Okay, then.
You closely miss the gnoll. The gnoll hits you but does no damage.
The gnoll hits you with a +1 flail of holy wrath.
You die...

..####.# #.....##.#
..####.# ###...##.####
...##..## ####........#
.#.##.##≈##≈##........#
##.####≈P≈≈P≈##.......#
#.# #≈P8P.8P≈#.......#
##.####≈P....##.......#
.........<.....g......#
.....##≈♣..P.##g@.....#
.....#≈♣8♣P8P≈#.#######
.....##≈♣≈≈P≈##.#
......##≈##≈###.#
.......######...#
..............###
........#######
........# >....####


You could see 2 gnolls.

Vanquished Creatures
  A dart slug (D:1)
  3 bats
  5 endoplasms (D:1)
  2 goblins (D:1)
  3 hobgoblins (D:1)
  A kobold (D:1)
  2 ball pythons
  A rat (D:1)
18 creatures vanquished.

Vanquished Creatures (others)
  4 toadstools (D:1)
4 creatures vanquished.

Grand Total: 22 creatures vanquished

Notes
Turn   | Place    | Note
-------+----------+-------------------------------------------
     0 | D:1      | Sabo the Deep Elf Air Elementalist began the quest for the
                  | Orb.
     0 | D:1      | Reached XP level 1. HP: 10/10 MP: 6/6
   112 | D:1      | Reached XP level 2. HP: 15/15 MP: 0/8
  1107 | D:1      | Slain by a gnoll

Illustrated notes

Levels and vault maps discovered:
D:1:      ldierk_walled_garden_2, layout_rooms, minmay_pentomino_r4
D:2:      layout_rooms, hellmonk_ecumenical_altar_arch_garden,
          hangedman_glass_teeth

Action                   || total
-------------------------++-------
Melee: Short sword       ||     3
       Staff             ||     7
 Cast: Shock             ||    31
Armor: Robe              ||     4
Dodge: Dodged            ||    18

Table legend: (Time is in decaauts)
 A = Elapsed time spent in this place.
 B = Non-inter-level travel time spent in this place.
 C = Inter-level travel time spent in this place.
 D = Time resting spent in this place.
 E = Time spent auto-exploring this place.
 F = Levels seen in this place.
 G = Mean time per level.
                   A        B        C        D        E       F      G
               +--------+--------+--------+--------+--------+-----+--------+
         Total |   1109 |   1109 |      0 |    477 |      0 |   2 |  554.5 |
       Dungeon |   1109 |   1109 |      0 |    477 |      0 |   2 |  554.5 |
               +--------+--------+--------+--------+--------+-----+--------+

Top non-repeatable levels by time:
     D:1: 1025 daAuts
     D:2: 84 daAuts
